 Dungeon Crawl Stone Soup version 0.28.0 (webtiles) character file.

Game seed: 3718087362521775338

114 GrayStillPlays the Insei (level 4, -1/29 HPs)
             Began as an Octopode Transmuter on Feb 11, 2022.
             Killed by divine providence
             ... invoked by an orc priest
              (12 damage)
             ... on level 4 of the Dungeon.
             The game lasted 00:05:53 (3425 turns).

GrayStillPlays the Insei (Octopode Transmuter)      Turns: 3425, Time: 00:05:54

Health: -1/29      AC:  1    Str:  9    XL:     4   Next: 97%
Magic:  7/7        EV: 13    Int: 17    God:
Gold:   113        SH:  0    Dex: 12    Spells: 7/8 levels left

rFire   . . .      SeeInvis .   b - +1 dagger (venom) {short}
rCold   . . .      Faith    .   (no shield)
rNeg    . . .      Spirit   .   (helmet currently unavailable)
rPois   .          Reflect  .   (no amulet)
rElec   .          Harm     .   (no ring)
rCorr   .          Rampage  .   (no ring)
Will    .....                   (no ring)
Stlth   ++........              (no ring)
HPRegen 0.09/turn               (no ring)
MPRegen 0.10/turn               (no ring)
                                (no ring)
                                (no ring)

@: appendages
A: tentacle spike 3, almost no armour, amphibious, 8 rings, camouflage 1,
gelatinous body 1, (nimble swimmer 1), tentacles
a: End Transformation


You were on level 4 of the Dungeon.
One of your tentacles had grown a beastly spike.
You visited 1 branch of the dungeon, and saw 4 of its levels.

You collected 113 gold pieces.


Innate Abilities, Weirdness & Mutations

One of your tentacles has grown a beastly spike.
You cannot wear most types of armour.
You are amphibious.
You can wear up to eight rings at the same time.
Your skin changes colour to match your surroundings (Stealth+).
Your rubbery body absorbs attacks. (AC +1, EV +1)
((You are camouflaged when in or above water. (Stealth+)))
You have tentacles for arms and can constrict up to eight enemies at once.


   Skills:
 + Level 2.1 Fighting
 + Level 2.8 Dodging
 + Level 3.6 Unarmed Combat
 + Level 2.6 Spellcasting
 + Level 2.7 Transmutations


You had 7 spell levels left.
You knew the following spells:

 Your Spells              Type           Power      Damage    Failure   Level
a - Beastly Appendage     Tmut           22%        N/A       6%          1

Your spell library contained the following spells:

 Spells                   Type           Power      Damage    Failure   Level
 Wereblood                Tmut           11%        N/A       9%          2
 Spider Form              Tmut/Pois      6%         N/A       30%         3
 Ozocubu's Armour         Ice            2%         N/A       50%         3
 Ice Form                 Ice/Tmut       6%         N/A       71%         4
 Petrify                  Tmut/Erth      6%         N/A       71%         4
 Ozocubu's Refrigeration  Ice            1%         4d5       100%        7

Inventory:

Hand Weapons
 b - a +1 dagger of venom (weapon) {short}
   (You took it off a kobold on level 1 of the Dungeon)
Missiles
 a - 77 stones {throwing}
 g - 24 sling bullets
 h - 34 bolts
 i - 3 curare-tipped darts (quivered) {=fthrowing}
Jewellery
 o - a ring of fire
   (You found it on level 4 of the Dungeon)
Wands
 j - a wand of iceblast (13)
   (You found it on level 2 of the Dungeon)
Scrolls
 c - a scroll of silence {unknown}
 d - 2 scrolls of teleportation {unknown}
 e - 2 scrolls of identify {unknown}
 k - a scroll of brand weapon {unknown}
 n - a scroll of amnesia {unknown}
Potions
 f - 2 potions of curing {@q1}
 l - 2 potions of heal wounds {unknown}
 m - 2 potions of attraction {unknown}

Dungeon Overview and Level Annotations

Branches:
Dungeon (4/15)
 Temple: D:4-7

Altars:
Ashenzari
Sif Muna

Shops:
D:1 ?

Annotations:
D:3 1 runed translucent door, Crazy Yiuf, Sigmund

....# ....+ ##.....##. ....
....##....... .. .#.#
......#.#...#.#.#...#. ..
........#.#.#......... #.#
.....##.......##... .##Z...
..........#........ ......#
.....#....#.)..#.###.#....
####......#.....@..o......#
#.##.......##..o..##Z...
#....#.#.#....o†.....#
#..#.#...#.#.#...#.#.#
#............#.#.#.....
#..##.....##.......##..
#..............#..... ..
....#.###.#....#....# #
....... .......#...$..


You could see 2 orc priests, an orc and a jackal skeleton (wandering).


Message History

You lost 1 mp, and now have 6/7 mp.
Found a stone staircase leading up.
The goblin hits you but does no damage.
You hit the goblin. Your grab misses the goblin.
The goblin hits you with a +0 dagger. 😕 HP[-2]
You take 2 damage, and now have 27/29 hp.
You hit the goblin.
You kill the goblin! 😕 HP[+1] No target in view!
No target in view!
Your transformation is almost over.
Your tentacle spike disappears.
There is a stone staircase leading up here.
Key pressed, stopping explore.
Found a runed mace. 😎 HP[+1] MP[+1]
Your hp is fully restored (29).
Your mp is fully restored (7).
You see here a +1 mace of draining {mace}.
Sigmund shouts!
Sigmund shouts!
You hear a shout!
Could not explore, unopened runed door.
There is a stone staircase leading down here.
You climb downwards.
Found a stone staircase leading down.
There is a stone staircase leading up here.
There is a stone staircase leading up here.
You open the door.
There is an open door here.
o - a ring of fire A ball python comes into view.
A ball python is nearby!
Casting: Beastly Appendage (safe; 6% risk of failure)
Confirm with . or Enter, or press ? or * to list all spells.
One of your tentacles grows a vicious spike. 😎 MP[-1]
You lost 1 mp, and now have 6/7 mp.
The ball python barely misses you. The ball python misses you.
You barely miss the ball python. Your grab misses the ball python.
The ball python bites you.
The ball python closely misses you. 😕 HP[-1]
You take 1 damage, and now have 28/29 hp.
You hit the ball python.
The ball python is poisoned.
You grab the ball python. You constrict the ball python.
The ball python bites you. The ball python grabs you.
The ball python constricts you. 😕 HP[-3]
You take 3 damage, and now have 25/29 hp.
You hit the ball python.
You kill the ball python!
No target in view!
No target in view!
No target in view!
No target in view!
Your transformation is almost over.
Your tentacle spike disappears.
h - 34 bolts (gained 15)
Found a glowing mace. 😎 HP[+4] MP[+1]
Your hp is fully restored (29).
Your mp is fully restored (7).
You now have 113 gold pieces (gained 7).
A ball python comes into view.
Casting: Beastly Appendage (safe; 6% risk of failure)
Confirm with . or Enter, or press ? or * to list all spells.
One of your tentacles grows a vicious spike. 😎 MP[-1]
You lost 1 mp, and now have 6/7 mp.
An orc comes into view.
It is wielding a +1 vorpal hand axe. 2 orc priests come into view.
An orc priest is wielding a +1 dagger of draining.
The ball python hisses angrily.
The orc priest shouts!
An orc wizard comes into view. It is wielding a +1 dagger of speed.
You completely miss the ball python.
The orc priest shouts!
Your grab misses the ball python.
Your tentacle spike misses the ball python.
You squeeze the ball python.
You kill the ball python!
The orc wizard gestures wildly while chanting.
The orc wizard flickers and vanishes!
Deactivating autopickup; reactivate with Ctrl-A.
You see here a ball python corpse.
An adder skeleton comes into view.
The orc priest mumbles some strange prayers to Beogh against you.
Beogh smites you! 😮 HP[-8]
You take 8 damage, and now have 21/29 hp.
MASSIVE DAMAGE!! (PAUSE)
The orc hits you with a +1 vorpal hand axe.
The orc priest barely misses you. Something hits you.
* * * LOW HITPOINT WARNING * * *
A jackal skeleton comes into view. 😨 HP[-10] MP[+1]
You take 10 damage, and now have 11/29 hp.
MASSIVE DAMAGE!! (PAUSE)
Your mp is fully restored (7).
The orc barely misses you.
The orc priest mumbles some strange prayers to Beogh against you.
Beogh smites you!
You die...

Skill      XL: |  1  2  3  4 |
---------------+-------------+-----
Fighting       | 2 |  2.1
Dodging        | |  2.8
Unarmed Combat | |  3.6
Spellcasting   | |  2.6
Transmutations | |  2.7

Action                   |  1- 3 |  4- 6 || total
-------------------------+-------+-------++-------
Melee: Unarmed           |     7 |       ||     7
       Dagger            |    72 |    37 ||   109
       Kick              |    18 |     9 ||    27
       Tentacles         |    16 |    11 ||    27
       Constrict         |    22 |    12 ||    34
       Punch             |     2 |     1 ||     3
Throw: Dart              |     2 |     5 ||     7
 Cast: Beastly Appendage |    19 |    11 ||    30
  Use: Potion            |     1 |       ||     1
 Stab: Sleeping          |     6 |     1 ||     7
Armor: Skin              |     7 |     1 ||     8
Dodge: Dodged            |    46 |    18 ||    64

Levels and vault maps discovered:
D:1:      minmay_arrival_four_circles, layout_basic,
          shapermc_ecumenical_altar_acropolis, serial_shops, shop
D:2:      layout_loops_ring, moated_statue
D:3:      layout_rooms, mainiacjoe_overflow_small_starburst, ashenzari_altar_1,
          hangedman_decor_lopped, uniq_crazy_yiuf_cottage, uniq_sigmund
D:4:      nicolae_cairo_tiling_large_dashed, layout_gridville

Notes
Turn   | Place    | Note
-------+----------+-------------------------------------------
     0 | D:1      | GrayStillPlays the Octopode Transmuter began the quest for
                  | the Orb.
     0 | D:1      | Reached XP level 1. HP: 13/13 MP: 3/3
     0 | D:1      | magus.rc [v1.9.6]
   288 | D:1      | Reached XP level 2. HP: 18/18 MP: 3/5
   750 | D:1      | Found a faded altar of an unknown god.
   913 | D:1      | Found Pion's Magic Scroll Shoppe.
   965 | D:1      | You add the spells Ozocubu's Armour and Ozocubu's
                  | Refrigeration to your library.
  1093 | D:1      | Reached XP level 3. HP: 23/23 MP: 4/6
  1903 | D:2      | HP: 6/24 [poisoned by an adder]
  1906 | D:2      | Reached XP level 4. HP: 11/29 MP: 7/7
  2215 | D:2      | Reached skill level 2 in Fighting
  2830 | D:3      | Found a broken altar of Ashenzari.
  2911 | D:3      | Found a shimmering blue altar of Sif Muna.
  2953 | D:3      | Got the Papyrus of Moulding
  3127 | D:3      | Found a runed translucent door.
  3127 | D:3      | Noticed Sigmund
  3128 | D:3      | Noticed Crazy Yiuf
  3425 | D:4      | Killed from afar by an orc priest

Vanquished Creatures
  4 adders
  2 worms (D:2)
  6 orcs
  6 ball pythons
  4 endoplasms
  3 giant cockroaches
  9 goblins
  2 hobgoblins
  5 jackals
  3 quokkas
  5 bats
  2 frilled lizards
  3 kobolds
  8 rats
62 creatures vanquished.

Table legend:
 A = Non-vault XP
 B = Vault XP
 C = Vault XP percentage of total XP
 D = Non-vault monster count
 E = Vault monster count
 F = Vault count percentage of total count
                 A         B        C        D         E       F
            +---------+---------+-------+---------+---------+-------
      Total |     163 |       0 |   0.0 |      62 |       0 |   0.0
            +---------+---------+-------+---------+---------+-------
        D:1 |      34 |       0 |   0.0 |      23 |       0 |   0.0
        D:2 |      94 |       0 |   0.0 |      26 |       0 |   0.0
        D:3 |      32 |       0 |   0.0 |      11 |       0 |   0.0
        D:4 |       3 |       0 |   0.0 |       2 |       0 |   0.0
            +---------+---------+-------+---------+---------+-------

Illustrated notes

Table legend:
 A = Kills in this place as a percentage of kills in entire the game.
 B = Kills by you in this place as a percentage of kills by you in the entire game.
 C = Kills by friends in this place as a percentage of kills by friends in the entire game.
 D = Other kills in this place as a percentage of other kills in the entire game.
 E = Experience gained in this place as a percentage of experience gained in the entire game.
 F = Experience gained in this place divided by the number of levels of this place that you have seen.
                   A       B       C       D       E      F
               +-------+-------+-------+-------+-------+----------------------
         Total | 100.0 | 100.0 |   N/A |   N/A | 100.0 |  40.8
       Dungeon | 100.0 | 100.0 |   N/A |   N/A | 100.0 |  40.8
               +-------+-------+-------+-------+-------+----------------------

Table legend: (Time is in decaauts)
 A = Elapsed time spent in this place.
 B = Non-inter-level travel time spent in this place.
 C = Inter-level travel time spent in this place.
 D = Time resting spent in this place.
 E = Time spent auto-exploring this place.
 F = Levels seen in this place.
 G = Mean time per level.
                   A        B        C        D        E       F      G
               +--------+--------+--------+--------+--------+-----+--------+
         Total |   3423 |   3359 |     64 |    180 |   2777 |   4 |  855.8 |
       Dungeon |   3423 |   3359 |     64 |    180 |   2777 |   4 |  855.8 |
               +--------+--------+--------+--------+--------+-----+--------+

Top non-repeatable levels by time:
     D:2: 1311 daAuts
     D:1: 1245 daAuts
     D:3: 713 daAuts
     D:4: 152 daAuts
